 Dungeon Crawl Stone Soup version 0.22-a0-1003-g31bc37a (webtiles) character file.

7 cirnu the Ducker (level 1, -1/15 HPs)
             Began as a Demonspawn Slime Apostle on Nov 27, 2020.
             Was a Follower of Jiyva.
             Slain by a gnoll
             ... wielding a +0 spear
              (6 damage)
             ... on level 1 of the Dungeon.
             The game lasted 00:01:44 (76 turns).

cirnu the Ducker (Demonspawn Slime Apostle)           Turns: 76, Time: 00:01:44

Health: -1/15      AC:  2    Str: 12    XL:     1   Next: 91%
Magic:  0/0        EV: 13    Int: 13    God:    Jiyva [*.....]
Gold:   11         SH:  0    Dex: 12    Spells: 0/0 levels left

rFire    . . .     SeeInvis .   a - +0 hand axe
rCold    . . .     Gourm    .   (no shield)
rNeg     . . .     Faith    .   b - +0 robe
rPois    .         Spirit   .   (helmet restricted)
rElec    .         Reflect  .   (no cloak)
rCorr    .         Harm     .   (no gloves)
MR       .....                  (no boots)
Stlth    ++........             (no amulet)
HPRegen  0.05/turn              (no ring)
MPRegen  0.07/turn              (no ring)

@: no status effects
A: horns 1, low mp 1
a: Request Jelly, Renounce Religion


You were on level 1 of the Dungeon.
You worshipped Jiyva.
Jiyva was aware of your devotion.
You were not hungry.
Buggy pledge.
You visited 1 branch of the dungeon, and saw 1 of its levels.

You collected 11 gold pieces.

Inventory:

Hand Weapons
 a - a +0 hand axe (weapon)
Armour
 b - a +0 robe (worn)
Scrolls
 e - a scroll of fear {unknown}
 f - a scroll of identify {unknown}
Comestibles
 d - a ration


   Skills:
 + Level 1.0 Fighting
 + Level 1.8 Axes
 + Level 3.1 Dodging
 + Level 2.0 Stealth


You couldn't memorise any spells.
You didn't know any spells.
Your spell library was empty.

Dungeon Overview and Level Annotations

Branches:
Dungeon (1/15)

Altars:


Innate Abilities, Weirdness & Mutations

You have a pair of small horns on your head.
Your magical capacity is low. (-10% MP)


Message History

* * * LOW HITPOINT WARNING * * *
The bat hits you but does no damage. The bat hits you but does no damage.
A bat is nearby!
The bat barely misses you.
You hit the bat.
You kill the bat!
You hit the plant.
You enter the shallow water.
Moving in this stuff is going to be slow.
Things that are here:
a hobgoblin corpse; a jackal corpse
Found a stone staircase leading down.
A gnoll comes into view. It is wielding a +0 spear.
You feel extremely strange.
You feel less energetic.
You feel more energetic.
You feel less energetic. A pair of horns grows on your head!
A gnoll is nearby!
The gnoll hits you from afar with a +0 spear.
You die...

#............#
#.##.....###.#
# ##...## #.#
##..# #.# ##.#
#.# #.# #.# #.
#.#
#.#########
#>.@.g.....
###########


You could see a gnoll.

Vanquished Creatures
  A goblin (D:1)
  A hobgoblin (D:1)
  2 jackals (D:1)
  A kobold (D:1)
  A bat (D:1)
  A rat (D:1)
7 creatures vanquished.

Vanquished Creatures (others)
  An ooze (D:1)
1 creature vanquished.

Grand Total: 8 creatures vanquished

Notes
Turn   | Place    | Note
-------+----------+-------------------------------------------
     0 | D:1      | cirnu the Demonspawn Slime Apostle began the quest for the Orb.
     0 | D:1      | Reached XP level 1. HP: 15/15 MP: 1/1
    38 | D:1      | Reached skill level 3 in Dodging
    74 | D:1      | Gained mutation: Your magical capacity is low. (-10% MP) [potion of mutation]
    74 | D:1      | Lost mutation: Your magical capacity is low. (-10% MP) [potion of mutation]
    74 | D:1      | Gained mutation: Your magical capacity is low. (-10% MP) [potion of mutation]
    74 | D:1      | Gained mutation: You have a pair of small horns on your head. [potion of mutation]
    76 | D:1      | Slain by a gnoll

Vault maps used:
D:1:      nzn_arrival_settlement, serial_bayou, serial_bayou_shore_b,
          serial_bayou_shore_b, serial_bayou_pond_b, serial_bayou_ford_a,
          serial_bayou_pond_d

Skill      XL: |  1 |
---------------+----+-----
Dodging        | 3 |  3.1
Stealth        | 2 |  2.0
Fighting       | |  1.0
Axes           | |  1.8

Action                   || total
-------------------------++-------
Melee: Hand axe          ||    12
  Use: Potion            ||     1
Armor: Robe              ||     6
Dodge: Dodged            ||    22

Table legend:
 A = Spawn XP
 B = Non-spawn XP
 C = Spawn XP percentage of total XP
 D = Spawn monster count
 E = Non-spawn monster count
 F = Spawn count percentage of total count
 G = Total turns spent on level
                    A         B        C        D         E        F      G
               +---------+---------+-------+---------+---------+-------+---------
         Total |       0 |      11 |   0.0 |       0 |       7 |   0.0 |    76
               +---------+---------+-------+---------+---------+-------+---------
           D:1 |       0 |      11 |   0.0 |       0 |       7 |   0.0 |    76
               +---------+---------+-------+---------+---------+-------+---------
